Map: Orbital Shipyard

Players

Beastyqt - Winner!

  • Race: Terran Terran
  • League: Master

ShoWTimE

  • Race: Protoss Protoss
  • League: Master

Event: DreamHack ZOWIE Open Leipzig

VOD

https://www.youtube.com/watch?v=5jPRA8KOBe4

Description

Time

  • Played on: Jan. 22, 2016, 7:33 a.m.
  • Length: 22:15

All games in this series

Show
View Real Time Build Order
Export as new Build Order

Beastyqt Terran - Winner!

Build Orders: Command Center First (CC), MMM Bio 

Get SALT Encoding   

  12  0:00  SCV  
  13  0:13  SCV  
  14  0:17  Supply Depot  
  14  0:25  SCV  
  15  0:39  SCV  
  16  0:51  SCV  
  17  0:59  Command Center  
  17  1:03  SCV  
  18  1:12  Barracks  
  18  1:15  SCV  
  19  1:26  Barracks  
  19  1:29  SCV  
  20  1:41  SCV  
  21  1:58  Orbital Command  
  21  1:59  Refinery  
  21  2:00  Refinery, Marine  
  22  2:10  Orbital Command  
  22  2:14  Marine  
  23  2:17  Marine  
  24  2:26  SCV  
  25  2:34  Barracks Reactor  
  25  2:35  Supply Depot, SCV  
  26  2:39  SCV  
  26  2:43  Barracks Tech Lab  
  27  2:45  Bunker  
  27  2:48  SCV  
  27  2:51  SCV  
  29  3:00  SCV  
  29  3:02  Marine  
  29  3:03  SCV, Stimpack  
  32  3:12  SCV, Marine x2  
  35  3:15  SCV  
  35  3:18  Factory  
  36  3:22  Marine  
  36  3:24  SCV  
  38  3:27  SCV  
  38  3:30  Marine  
  38  3:32  Supply Depot  
  40  3:34  Marine  
  40  3:36  SCV  
  40  3:39  SCV  
  42  3:48  SCV  
  43  3:49  Marine x2  
  43  3:51  SCV, Engineering Bay  
  43  3:53  Supply Depot, Marine  
  47  4:00  SCV  
  47  4:02  Supply Depot  
  48  4:05  Starport  
  48  4:06  Factory Reactor  
  48  4:11  SCV, Marine  
  48  4:12  Marine  
  48  4:14  SCV  
  52  4:19  Supply Depot  
  52  4:23  SCV  
  53  4:24  Missile Turret  
  53  4:26  SCV, Marine  
  53  4:30  Terran Infantry Weapons Level 1  
  55  4:31  Marine  
  55  4:33  Marine  
  55  4:36  SCV  
  58  4:39  Refinery  
  58  4:41  SCV  
  58  4:44  Marine  
  60  4:48  SCV  
  60  4:50  Medivac x2  
  65  4:54  SCV  
  65  4:56  Marine x2  
  65  4:57  Supply Depot  
  68  5:00  SCV  
  68  5:04  Supply Depot  
  66  5:10  Marauder  
  66  5:11  SCV  
  66  5:14  Combat Shields, Marine x2  
  58  5:16  SCV  
  57  5:23  SCV  
  53  5:29  SCV  
  53  5:30  Liberator  
  53  5:31  Marine x2  
  53  5:32  Marine  
  50  5:38  SCV  
  50  5:42  SCV  
  51  5:49  Marine x3  
  56  5:52  Command Center, SCV  
  58  5:57  SCV  
  58  6:00  Refinery  
  59  6:06  SCV, Barracks x2  
  59  6:07  Marine x2  
  59  6:08  Marine  
  59  6:10  SCV  
  64  6:18  SCV  
  65  6:20  Supply Depot  
  65  6:22  SCV  
  65  6:25  Marine  
  67  6:30  SCV  
  67  6:31  Marine  
  67  6:32  Marine  
  68  6:34  SCV  
  68  6:38  Medivac x2  
  73  6:40  Terran Infantry Armor Level 1  
  73  6:42  SCV  
  73  6:43  Marauder  
  73  6:46  SCV, Supply Depot  
  77  6:50  Factory Reactor  
  77  6:53  Barracks  
  77  6:54  SCV  
  77  6:56  Barracks Tech Lab  
  77  6:57  Barracks Tech Lab  
  77  6:59  SCV  
  79  7:02  Liberator x2, Marine x2  
  79  7:08  Missile Turret, Orbital Command  
  81  7:17  Marine, Marauder x2  
  81  7:22  SCV  
  93  7:24  Marine x2  
  95  7:30  Armory  
  95  7:32  SCV  
  95  7:33  Engineering Bay  
  95  7:37  Marauder  
  97  7:44  Marine  
  97  7:45  Marauder x2, Marine  
  102  7:58  Marauder  
  98  8:00  Orbital Command  
  98  8:02  Marine  
  98  8:05  SCV, Supply Depot  
  100  8:06  Supply Depot  
  100  8:10  Liberator x2  
  86  8:21  Marine, Marauder x2  
  86  8:22  Marauder  
  93  8:28  Marine x2  
  93  8:29  SCV x2  
  101  8:36  Marine  
  100  8:42  Marauder x2  
  100  8:43  Marauder  
  99  8:52  Marine x2  
  99  8:54  Marine  
  99  8:55  Marine  
  102  9:03  Marauder x2  
  102  9:05  Factory Reactor, Marauder  
  102  9:06  Terran Infantry Weapons Level 2  
  102  9:07  Bunker  
  108  9:10  Marine x2  
  108  9:16  Liberator  
  108  9:17  Liberator  
  102  9:18  Marine  
  102  9:19  Marine  
  95  9:25  Marauder x2  
  95  9:26  Marauder  
  95  9:28  SCV, Marine x2  
  98  9:32  SCV x2  
  98  9:36  Marine  
  98  9:37  Marine  
  106  9:41  Terran Infantry Armor Level 2  
  106  9:46  Marauder x2  
  106  9:49  Bunker  
  106  9:50  Bunker  
  106  9:51  Marauder, Widow Mine, Marine x2  
  116  9:53  Missile Turret  
  116  9:54  Marine  
  116  9:55  Marine  
  118  10:00  Ghost Academy  
  118  10:06  Refinery  
  118  10:07  Refinery  
  118  10:16  SCV, Liberator x2  
  119  10:22  Command Center  
  115  10:32  SCV  
  115  10:33  Ghost  
  115  10:35  Marine x2  
  121  10:41  SCV  
  121  10:42  SCV  
  121  10:44  SCV  
  121  10:46  Ghost  
  124  10:50  Personal Cloaking  
  123  11:05  Liberator  
  123  11:06  Marauder x2, Marine x2, Liberator  
  123  11:08  Supply Depot x2  
  129  11:12  Marine x2  
  129  11:15  Marauder  
  139  11:27  Marine  
  139  11:30  Marauder x2  
  144  11:33  Supply Depot  
  144  11:36  SCV  
  145  11:50  Liberator x2  
  145  11:54  Marauder x3, Marine x2  
  151  12:06  Marine x2  
  154  12:16  Marauder  
  154  12:18  Marine  
  154  12:19  Marauder x2  
  161  12:24  Planetary Fortress  
  161  12:25  SCV x2  
  163  12:34  Marine  
  163  12:35  Marine  
  163  12:36  Terran Infantry Weapons Level 3  
  167  12:37  Marauder  
  167  12:38  Marine x2  
  167  12:40  Marauder, Marine  
  167  12:42  Missile Turret  
  172  12:54  Liberator x2  
  172  12:58  Ghost x2  
  178  13:15  SCV x2  
  180  13:24  Terran Infantry Armor Level 3  
  173  13:37  SCV  
  173  13:41  SCV  
  175  13:42  SCV x2  
  176  13:51  Ghost  
  176  13:52  Ghost  
  180  14:02  SCV, Marine  
  180  14:03  Marine  
  180  14:04  Marine x2  
  180  14:06  Supply Depot  
  180  14:09  Medivac  
  180  14:11  Medivac  
  180  14:13  Marine  
  176  14:20  Marine  
  176  14:22  Marine  
  176  14:23  Marine x2  
  169  14:39  Command Center  
  151  15:50  Marine x5  
  151  15:51  Marauder x2  
  156  15:58  Medivac  
  154  16:08  Marine x2  
  154  16:09  Marine x2  
  154  16:10  Marauder  
  152  16:12  Marauder x2  
  145  16:26  Marine x2  
  145  16:27  Marine  
  145  16:31  Marine  
  145  16:32  Marauder  
  147  16:33  Marine x2  
  108  16:44  Marine x2  
  108  16:45  Marine  
  98  16:48  Marine  
  98  16:49  SCV  
  98  16:51  Marine x2  
  98  16:52  Orbital Command  
  98  16:53  Marine  
  103  16:54  Refinery x2  
  103  16:56  Command Center  
  96  17:01  Marine x2  
  96  17:03  Marine  
  96  17:06  Marine  
  100  17:09  Marine  
  100  17:10  Marine  
  100  17:11  Marine  
  100  17:14  SCV x2  
  104  17:19  Marine x2  
  104  17:20  Marine  
  105  17:24  Marine  
  105  17:26  Marine  
  105  17:27  Marine  
  104  17:32  Marine  
  103  17:37  Marine x2  
  103  17:38  Marine  
  106  17:46  Marine x3  
  106  17:50  Marine  
  99  18:03  Ghost  
  101  18:07  Marine  
  99  18:15  Marine  
  96  18:20  Marine x2  
  96  18:22  Marine x2  
  92  18:40  Marine x3  
  92  18:41  Marine  
  94  18:58  Planetary Fortress  
  84  19:21  Orbital Command  
  84  19:30  Missile Turret  
  82  19:41  Marine x2  
  82  19:45  Marine  
  83  19:48  Marine  
  82  19:55  SCV  
  82  20:54  Barracks  
  82  20:55  Barracks x3  
  82  20:56  Barracks  
  60  21:35  SCV  
  61  21:44  Marine x4  
  61  21:47  Supply Depot x2, SCV  
  65  21:51  Engineering Bay  
  66  21:59  SCV  
Show
View Real Time Build Order
Export as new Build Order

ShoWTimE Protoss 

Build Orders: 1 Gate Expand 

Get SALT Encoding   

  12  0:01  Probe (Chrono Boost)  
  13  0:11  Probe (Chrono Boost)  
  14  0:18  Pylon  
  14  0:22  Probe (Chrono Boost)  
  15  0:36  Probe (Chrono Boost)  
  15  0:37  Gateway  
  15  0:42  Assimilator  
  16  0:47  Probe (Chrono Boost)  
  17  0:57  Probe (Chrono Boost)  
  18  1:08  Probe (Chrono Boost)  
  19  1:23  Nexus  
  19  1:32  Cybernetics Core  
  19  1:35  Probe (Chrono Boost)  
  20  1:41  Assimilator  
  20  1:45  Probe (Chrono Boost)  
  21  1:52  Pylon  
  21  1:56  Probe (Chrono Boost)  
  22  2:06  Probe (Chrono Boost)  
  23  2:09  Warp Gate  
  23  2:11  Adept (Chrono Boost)  
  25  2:18  Probe  
  26  2:30  Probe, Twilight Council  
  26  2:33  Probe  
  26  2:35  Adept (Chrono Boost)  
  30  2:42  Probe  
  30  2:44  Probe  
  32  2:54  Probe (Chrono Boost)  
  32  2:55  Probe (Chrono Boost)  
  32  2:57  Robotics Facility  
  34  3:01  Resonating Glaives (Chrono Boost)  
  34  3:05  Probe x2 (Chrono Boost)  
  36  3:17  Probe  
  37  3:21  Gateway  
  37  3:24  Gateway  
  37  3:29  Gateway  
  37  3:31  Probe  
  37  3:32  Probe  
  39  3:38  Adept  
  41  3:42  Pylon  
  41  3:43  Probe  
  41  3:45  Probe  
  43  3:53  Warp Prism (Chrono Boost)  
  46  3:58  Probe  
  46  4:00  Mothership Core  
  48  4:03  Pylon  
  48  4:10  Probe  
  48  4:14  Adept  
  51  4:21  Probe  
  51  4:22  Pylon  
  51  4:23  Probe  
  53  4:26  Observer (Chrono Boost)  
  54  4:31  Nexus, Blink  
  54  4:33  Pylon  
  54  4:35  Probe x2  
  56  4:41  Assimilator  
  56  4:45  Assimilator  
  56  4:48  Probe x2  
  58  5:04  Probe  
  59  5:07  Adept  
  59  5:08  Adept x3  
  59  5:10  Probe  
  59  5:13  Warp Prism (Chrono Boost)  
  66  5:16  Probe  
  65  5:22  Probe  
  65  5:28  Probe  
  65  5:30  Sentry, Stalker x2  
  65  5:31  Stalker  
  65  5:34  Probe  
  70  5:40  Probe  
  65  5:46  Probe, Pylon  
  65  5:47  Probe  
  65  5:49  Immortal (Chrono Boost)  
  71  5:52  Probe  
  71  5:56  Pylon  
  72  5:57  Sentry  
  72  5:58  Probe x2, Adept x2  
  72  6:00  Adept  
  82  6:04  Probe  
  82  6:08  Probe  
  82  6:09  Pylon  
  82  6:10  Probe  
  85  6:20  Gateway  
  85  6:21  Gateway  
  85  6:22  Gateway  
  85  6:24  Adept  
  85  6:25  Adept x2  
  89  6:28  Probe  
  89  6:29  Probe  
  85  6:36  Probe  
  84  6:41  Probe  
  84  6:42  Probe  
  84  6:46  Adept  
  84  6:47  Adept x2, Pylon  
  90  6:53  Pylon  
  92  6:55  Adept  
  94  7:10  Gateway  
  92  7:16  Stalker x4, Forge  
  92  7:21  Pylon  
  100  7:23  Probe x2  
  100  7:27  Probe  
  103  7:30  Pylon  
  103  7:35  Probe  
  104  7:43  Probe  
  104  7:44  Stalker x2  
  104  7:45  Stalker x3  
  104  7:51  Probe  
  111  7:58  Probe  
  111  7:59  Probe  
  111  8:01  Stalker x2  
  111  8:05  Pylon, Protoss Ground Armor Level 1 (Chrono Boost)  
  116  8:08  Adept x2  
  120  8:14  Pylon  
  98  8:28  Stalker  
  98  8:29  Stalker x2, Adept x4  
  98  8:32  Probe  
  105  8:35  Probe  
  105  8:37  Probe  
  105  8:40  Assimilator  
  107  8:44  Probe, Assimilator  
  107  8:46  Probe  
  103  8:49  Probe  
  103  8:51  Templar Archives  
  102  8:56  Adept x4  
  102  8:57  Adept x2  
  102  8:59  Adept  
  102  9:02  Adept  
  118  9:08  Probe  
  118  9:09  Probe  
  94  9:26  Adept x4  
  94  9:27  Adept x4  
  102  9:39  Psionic Storm  
  102  9:42  Nexus  
  102  9:45  Pylon  
  102  9:46  Immortal (Chrono Boost)  
  102  9:52  High Templar x4  
  112  9:56  Pylon  
  112  9:58  Protoss Ground Weapons Level 1  
  114  10:00  Probe  
  114  10:01  Pylon  
  114  10:04  Sentry x2  
  119  10:16  Sentry  
  121  10:21  Probe  
  121  10:26  Adept  
  121  10:27  Adept x2  
  121  10:28  Immortal (Chrono Boost)  
  128  10:38  Stalker  
  128  10:39  Stalker x2  
  128  10:45  Probe  
  129  10:50  Pylon  
  129  10:56  Adept x4  
  129  10:57  Adept  
  139  10:59  Photon Cannon  
  139  11:02  Photon Cannon  
  139  11:06  Warp Prism (Chrono Boost)  
  139  11:08  High Templar  
  139  11:09  High Templar  
  139  11:10  Probe x2  
  147  11:13  Photon Cannon  
  147  11:15  Photon Cannon  
  147  11:17  Pylon  
  147  11:22  Stargate  
  147  11:23  High Templar  
  149  11:25  Assimilator  
  149  11:28  Probe, Assimilator  
  149  11:29  Probe  
  151  11:34  Photon Cannon  
  151  11:37  Stalker, Photon Cannon  
  151  11:38  Stalker  
  151  11:39  Adept  
  155  11:42  Adept  
  155  11:55  Immortal (Chrono Boost)  
  157  12:05  Stalker x3, Adept x2  
  157  12:06  Protoss Ground Armor Level 2, Adept x3  
  169  12:30  Stalker  
  169  12:31  Stalker x3  
  177  12:38  Observer (Chrono Boost)  
  174  12:51  Pylon  
  174  12:53  Pylon  
  167  13:07  Adept x2  
  167  13:08  Adept  
  173  13:13  Nexus  
  173  13:14  Adept  
  173  13:15  Adept x2  
  173  13:16  Pylon  
  179  13:24  Fleet Beacon  
  179  13:26  Stargate  
  179  13:30  Adept x2  
  183  13:38  Adept  
  183  13:39  Adept  
  185  13:44  Pylon  
  183  14:01  Stargate  
  175  14:13  Adept x2  
  177  14:17  Nexus  
  167  14:32  Assimilator  
  167  14:33  Tempest (Chrono Boost)  
  167  14:34  Assimilator  
  164  14:52  Tempest (Chrono Boost)  
  168  14:55  Photon Cannon, High Templar x3  
  168  14:59  Pylon  
  172  15:01  High Templar x2  
  176  15:13  Adept x3  
  182  15:18  Observer  
  179  15:28  Dark Shrine  
  179  15:35  Adept x3, Tempest (Chrono Boost)  
  187  15:36  Adept x2  
  161  16:02  Stalker x3  
  155  16:20  Adept x3  
  155  16:21  Adept  
  139  16:42  Archon  
  133  16:49  Zealot x4  
  141  16:57  Probe  
  141  16:58  Probe  
  141  17:01  Nexus  
  141  17:10  Dark Templar x2  
  143  17:20  Cybernetics Core  
  141  17:27  High Templar x4  
  132  17:43  Dark Templar x2  
  124  17:51  Probe  
  123  17:59  Dark Templar x2  
  123  18:02  Probe  
  113  18:26  Adept x4  
  119  18:41  Adept x2  
  123  18:57  Stalker x3  
  74  19:41  Nexus  

Tags
 
Add a new tag
Caveats
  • Supply blocks, unpowered buildings, or Contaminate may cause inaccurate times.
  • Supply counts are checked every 10 seconds.